Map: Jagannatha LE

Players

piglet - Winner!

  • Race: Terran Terran
  • League: Grandmaster
  • Spawn Location: 1:00

RiSky

  • Race: Zerg Zerg
  • Spawn Location: 7:00

Event: DreamHack SC2 Masters 2020 Winter

VOD

Have the link to the VOD?

Description

Time

  • Played on: Oct. 17, 2020, 4:53 a.m.
  • Length: 16:22

All games in this series

Show
View Real Time Build Order
Export as new Build Order

piglet Terran - Winner!

Build Orders: Reaper Expand 

Get SALT Encoding   

  12  0:00  SCV  
  13  0:12  SCV  
  14  0:17  Supply Depot  
  14  0:25  SCV  
  15  0:39  SCV  
  15  0:40  Barracks  
  16  0:44  Refinery  
  16  0:51  SCV  
  17  1:03  SCV  
  18  1:15  SCV  
  19  1:28  Orbital Command, Reaper  
  20  1:40  Command Center  
  20  1:50  Supply Depot  
  21  1:54  SCV  
  21  2:00  Marine  
  22  2:08  Factory  
  22  2:10  Refinery  
  22  2:12  SCV  
  23  2:22  Barracks Reactor  
  23  2:24  SCV  
  24  2:36  SCV  
  25  2:48  SCV  
  26  2:52  Starport  
  26  2:53  Orbital Command  
  26  3:00  SCV  
  26  3:04  Hellion x2  
  31  3:12  SCV  
  32  3:13  Barracks Tech Lab  
  32  3:19  SCV  
  33  3:24  SCV  
  33  3:25  Hellion x2  
  38  3:31  SCV  
  39  3:35  Supply Depot  
  39  3:36  SCV  
  42  3:43  SCV  
  43  3:53  SCV  
  43  3:54  Command Center  
  44  3:55  SCV  
  44  3:57  Banshee  
  46  4:04  Refinery  
  46  4:05  SCV, Refinery  
  46  4:08  SCV  
  48  4:10  Supply Depot  
  48  4:18  SCV  
  48  4:19  Supply Depot  
  48  4:20  SCV  
  48  4:24  Armory  
  50  4:30  SCV  
  51  4:31  Armory  
  51  4:32  SCV  
  52  4:42  SCV  
  52  4:44  SCV  
  52  4:45  Factory  
  54  4:50  Factory  
  54  4:54  SCV  
  54  4:56  SCV  
  56  5:06  SCV, Orbital Command  
  57  5:08  SCV  
  57  5:10  Starport Reactor  
  57  5:12  Terran Vehicle Weapons Level 1  
  57  5:14  Supply Depot  
  58  5:18  Terran Vehicle And Ship Armor Level 1, SCV  
  58  5:20  SCV  
  60  5:30  SCV  
  60  5:31  Orbital Command  
  60  5:34  Factory Tech Lab  
  60  5:37  SCV  
  60  5:39  Thor  
  60  5:42  Supply Depot  
  67  5:44  SCV, Refinery x2  
  67  5:45  Supply Depot  
  67  5:49  SCV  
  69  5:52  Thor  
  75  5:58  Supply Depot, SCV, Engineering Bay  
  75  5:59  SCV  
  75  6:01  Medivac x2  
  75  6:02  Infernal Pre-Igniter  
  81  6:04  SCV  
  81  6:10  SCV  
  81  6:11  SCV  
  84  6:16  SCV  
  89  6:19  Supply Depot  
  89  6:23  SCV x2  
  87  6:27  Command Center  
  87  6:29  SCV  
  88  6:33  Supply Depot  
  88  6:35  SCV x2  
  88  6:36  Supply Depot  
  88  6:39  Widow Mine x2  
  94  6:41  SCV  
  95  6:47  SCV  
  95  6:48  SCV  
  95  6:49  Thor  
  95  6:53  SCV  
  104  6:59  SCV  
  104  7:00  SCV  
  104  7:01  Thor  
  112  7:02  Missile Turret  
  112  7:05  SCV  
  112  7:08  Terran Vehicle Weapons Level 2  
  113  7:11  SCV  
  113  7:12  SCV  
  113  7:14  Terran Vehicle And Ship Armor Level 2  
  115  7:17  Missile Turret  
  115  7:18  Supply Depot  
  115  7:22  Widow Mine x2  
  119  7:25  Missile Turret  
  119  7:30  Missile Turret  
  119  7:36  Missile Turret  
  122  7:37  Missile Turret  
  122  7:40  Thor  
  125  7:49  Thor  
  125  7:50  Hellion  
  133  7:59  Missile Turret  
  133  8:05  Refinery  
  133  8:09  Barracks Tech Lab, Factory  
  133  8:10  Supply Depot, SCV  
  133  8:11  SCV x2  
  136  8:14  Factory  
  136  8:17  Starport Reactor  
  136  8:23  Thor, Refinery  
  136  8:26  Hellion  
  144  8:32  Thor  
  150  8:34  Hellion  
  150  8:41  SCV x2  
  150  8:42  Planetary Fortress  
  150  8:49  Engineering Bay  
  150  8:50  Supply Depot  
  150  8:51  SCV  
  150  8:53  SCV  
  152  8:58  Hellion x2  
  157  9:02  SCV  
  157  9:03  SCV  
  157  9:06  Supply Depot x2  
  156  9:12  Thor x2, Hellion  
  156  9:13  SCV  
  156  9:15  SCV, Hellion  
  162  9:20  SCV x2  
  162  9:21  Engineering Bay  
  152  9:31  Supply Depot  
  152  9:32  Supply Depot  
  152  9:40  SCV x2, Supply Depot  
  152  9:42  Supply Depot  
  152  9:45  Siege Tank  
  157  9:46  Hellion  
  157  9:48  Hellion  
  161  9:54  Terran Vehicle Weapons Level 3  
  161  9:55  Siege Tank x2, Supply Depot, Terran Vehicle And Ship Armor Level 3  
  167  10:00  Hellion  
  169  10:09  Viking x2  
  169  10:10  Hellion  
  175  10:17  Siege Tank  
  175  10:18  Command Center  
  175  10:19  SCV x2  
  175  10:20  SCV  
  175  10:21  SCV  
  173  10:27  Siege Tank  
  173  10:28  Missile Turret  
  176  10:33  Thor, Hellion x2  
  176  10:34  Hellion  
  188  10:42  Hellion  
  189  10:49  Siege Tank  
  192  10:54  Hellion x2  
  196  10:59  Siege Tank  
  192  11:06  Refinery  
  183  11:17  Supply Depot  
  183  11:19  Hellion x3  
  189  11:27  Viking  
  189  11:29  Hellion  
  189  11:30  Viking  
  196  11:35  SCV x3  
  195  12:02  Thor, Viking x2, Engineering Bay  
  200  12:08  Hellion  
  198  12:16  Hellion  
  198  12:22  Hellion  
  198  12:26  Hellion  
  198  12:32  Viking  
  200  12:37  Hellion  
  200  12:40  Thor  
  200  12:41  Hellion  
  191  12:46  Supply Depot  
  191  12:47  Supply Depot  
  188  12:52  Hellion  
  188  12:54  Hellion  
  188  12:57  Supply Depot  
  188  12:59  Hellion  
  187  13:08  Thor, Hellion  
  187  13:09  Thor  
  197  13:23  Hellion  
  197  13:29  Siege Tank, Hellion  
  197  13:32  Viking, Hellion  
  194  13:36  Hellion  
  199  14:08  Thor  
  200  14:10  Missile Turret  
  200  14:11  Planetary Fortress  
  200  14:13  Missile Turret x2  
  194  14:28  Thor  
  197  14:34  Missile Turret  
  197  14:35  Missile Turret  
  197  14:38  Thor, Missile Turret  
  189  14:39  Missile Turret, Hellion  
  189  14:43  Hellion  
  197  14:48  Hellion  
  197  14:49  Supply Depot  
  191  14:54  Hellion  
  187  15:07  Command Center  
  186  15:15  Thor  
  186  15:16  Hellion  
  194  15:23  Hellion  
  196  15:30  Siege Tank  
  196  15:36  Siege Tank, Hellion  
  196  15:42  Viking  
  199  15:47  Hellion  
  195  15:53  Hellion  
  195  15:57  Hellion  
  197  16:00  Hellion  
Show
View Real Time Build Order
Export as new Build Order

RiSky Zerg 

Build Orders: Hatch First, Muta Ling Bane 

Get SALT Encoding   

  12  0:00  Drone  
  13  0:12  Overlord  
  13  0:17  Drone  
  14  0:31  Drone x2  
  16  0:48  Hatchery  
  15  0:51  Drone  
  15  0:55  Drone  
  17  0:58  Drone  
  18  1:08  Extractor  
  17  1:13  Spawning Pool  
  17  1:16  Drone  
  17  1:20  Drone  
  18  1:28  Drone  
  19  1:39  Drone  
  20  1:49  Overlord  
  20  2:00  Queen x2  
  25  2:01  Zergling x4  
  26  2:11  Drone x2  
  28  2:22  Drone x2  
  30  2:32  Hatchery  
  30  2:33  Metabolic Boost  
  29  2:37  Drone  
  29  2:41  Drone  
  31  2:48  Queen  
  33  2:52  Overlord  
  33  2:53  Drone  
  33  2:55  Drone  
  33  2:56  Drone  
  36  3:12  Drone  
  37  3:13  Drone x3  
  37  3:14  Overlord  
  37  3:18  Drone  
  41  3:23  Drone  
  41  3:27  Overlord  
  42  3:32  Drone  
  43  3:35  Queen x2  
  43  3:39  Overlord  
  48  3:41  Drone x2  
  48  3:46  Drone x2  
  48  3:48  Drone  
  52  3:51  Queen  
  52  3:53  Zergling x2  
  55  3:56  Zergling x2  
  55  3:57  Overlord  
  55  3:59  Zergling x4  
  58  4:05  Drone x2  
  58  4:07  Drone  
  61  4:10  Drone x2  
  61  4:13  Lair  
  61  4:14  Queen  
  65  4:17  Drone  
  65  4:21  Zergling x2  
  65  4:23  Drone  
  68  4:31  Drone  
  68  4:35  Drone  
  68  4:38  Drone x2  
  72  4:39  Baneling Nest, Spore Crawler  
  72  4:41  Drone x2  
  72  4:42  Spore Crawler  
  72  4:43  Drone x2, Spore Crawler  
  72  4:44  Drone  
  73  4:45  Extractor  
  73  4:46  Drone, Extractor  
  73  4:47  Drone  
  73  4:48  Drone  
  73  4:58  Overlord x2  
  73  5:00  Overlord  
  73  5:02  Extractor x2  
  73  5:04  Drone x2  
  73  5:10  Overlord  
  73  5:16  Drone  
  73  5:17  Overlord  
  73  5:18  Drone x3  
  73  5:19  Drone x3  
  73  5:20  Drone x3  
  83  5:22  Overseer  
  83  5:24  Drone, Overseer  
  83  5:25  Drone  
  83  5:28  Drone  
  86  5:33  Drone  
  86  5:34  Overseer  
  87  5:36  Drone x2  
  87  5:39  Drone x2  
  87  5:41  Drone  
  92  5:44  Extractor  
  92  5:45  Drone  
  92  5:49  Centrifical Hooks, Overlord  
  92  5:50  Hatchery  
  92  5:56  Spire, Zergling x16  
  98  6:02  Overlord  
  98  6:06  Drone  
  98  6:07  Drone x2  
  98  6:09  Drone  
  102  6:11  Drone  
  102  6:12  Drone  
  102  6:13  Drone  
  105  6:19  Drone, Hatchery  
  105  6:20  Drone  
  105  6:21  Drone x2  
  105  6:22  Drone x2  
  110  6:28  Drone  
  110  6:32  Drone, Overlord  
  112  6:33  Evolution Chamber  
  112  6:34  Evolution Chamber, Spore Crawler  
  112  6:35  Drone  
  112  6:37  Drone  
  112  6:40  Drone  
  112  6:41  Pneumatized Carapace  
  112  6:43  Drone  
  113  6:48  Drone  
  113  6:52  Extractor x2  
  112  6:59  Drone x3  
  115  7:07  Hatchery  
  114  7:11  Drone x13  
  114  7:13  Zerg Ground Armor Level 1, Zerg Melee Weapons Level 1  
  114  7:14  Zerg Flyer Weapons Level 1  
  127  7:22  Overlord x4  
  127  7:26  Mutalisk x3  
  133  7:31  Mutalisk  
  133  7:32  Mutalisk x3  
  133  7:35  Mutalisk x4  
  149  7:47  Mutalisk x3  
  149  7:49  Extractor  
  149  7:51  Drone, Extractor  
  154  7:53  Drone, Spore Crawler, Roach Warren  
  154  7:54  Drone x7, Extractor  
  154  7:55  Extractor  
  158  8:03  Baneling x4  
  158  8:04  Baneling x7, Overseer  
  158  8:08  Zergling x24  
  158  8:12  Drone  
  171  8:15  Drone  
  172  8:26  Mutalisk x5  
  178  8:35  Drone x5  
  183  8:44  Mutalisk x3  
  183  8:46  Overlord x2  
  185  8:52  Overlord x2  
  185  8:55  Glial Reconstitution  
  185  8:59  Baneling x6  
  185  9:00  Baneling x10, Infestation Pit  
  184  9:07  Zerg Missile Weapons Level 1  
  176  9:11  Zergling x32  
  176  9:16  Hatchery  
  174  9:24  Mutalisk  
  174  9:25  Mutalisk x7  
  178  9:34  Mutalisk x3  
  184  9:39  Zergling x16  
  184  9:44  Hive  
  192  9:47  Zergling x10  
  197  9:56  Overseer  
  197  9:59  Extractor  
  196  10:00  Extractor  
  196  10:01  Baneling x2  
  196  10:02  Baneling x28  
  196  10:03  Baneling  
  195  10:08  Spine Crawler  
  195  10:12  Hatchery  
  195  10:13  Zergling x12  
  183  10:22  Zergling x2  
  183  10:23  Zergling x30  
  183  10:24  Hatchery  
  183  10:27  Drone x3  
  199  10:31  Zerg Melee Weapons Level 2  
  199  10:54  Extractor  
  199  10:55  Extractor  
  197  11:00  Mutalisk x5  
  184  11:05  Mutalisk x10  
  187  11:11  Extractor  
  187  11:13  Extractor  
  187  11:15  Drone x9  
  188  11:19  Zergling x20  
  188  11:24  Baneling x27  
  194  11:29  Zergling x16  
  194  11:31  Adrenal Glands  
  197  11:34  Roach  
  197  11:37  Zergling x2  
  195  11:58  Drone x2  
  195  11:59  Drone  
  198  12:15  Zergling x4  
  199  12:20  Zergling x24  
  191  12:25  Roach x6  
  200  12:35  Baneling x5  
  200  12:42  Roach x2  
  200  12:44  Overlord x2  
  194  12:47  Baneling  
  194  12:48  Baneling x12  
  194  12:50  Ravager x6  
  184  12:53  Roach  
  184  12:54  Roach x5  
  184  12:57  Overlord  
  180  13:05  Roach x19  
  198  13:07  Roach  
  198  13:08  Roach x7  
  185  13:20  Zergling x22  
  184  13:30  Zergling x2  
  184  13:31  Zergling x12  
  170  13:41  Mutalisk x7  
  144  13:43  Mutalisk  
  144  13:47  Mutalisk x3  
  150  13:50  Mutalisk x4  
  150  13:53  Mutalisk  
  152  14:00  Zergling x2  
  152  14:01  Zergling x8  
  127  14:12  Roach Warren  
  127  14:13  Spawning Pool  
  127  14:16  Zergling x2  
  127  14:17  Zergling x10  
  84  14:54  Roach  
  84  14:55  Roach x11  
  96  15:09  Roach x4  
  94  15:18  Roach x2  
  94  15:19  Roach  
  94  15:20  Ravager  
  94  15:21  Ravager x9  
  100  15:27  Roach  
  89  15:29  Roach Warren, Spawning Pool  
  89  15:30  Ravager x4  
  89  15:32  Roach  
Tags
 
Add a new tag
Caveats
  • Supply blocks, unpowered buildings, or Contaminate may cause inaccurate times.
  • Supply counts are checked every 10 seconds.